 Dungeon Crawl Stone Soup version 0.30.1-9-gdf580d7c3d (webtiles) character file.

Game seed: 624234342913027189

37544 Sintarzus the Severer (level 13, 0/118 HPs)
             Began as a Minotaur Fighter on Oct 25, 2023.
             Was a High Priest of Okawaru.
             Slain by a wolf spider (18 damage)
             ... on level 5 of the Lair of Beasts.
             The game lasted 00:26:14 (11552 turns).

Sintarzus the Severer (Minotaur Fighter)           Turns: 11552, Time: 00:26:16

Health: 0/118      AC: 15    Str: 29 (32) XL:     13   Next: 59%
Magic:  23/23      EV:  9    Int:  6 (8)  God:    Okawaru [*****.]
Gold:   1135       SH:  0    Dex:  9 (12) Spells: 12/12 levels left

rFire   + . .        P - +1 battleaxe "Impbane" {flame, rC+ Int+3 Dex+2}
rCold   + . .        (shield currently unavailable)
rNeg    . . .        Z - +0 chain mail
rPois   +            (helmet restricted)
rElec   .            t - +2 cloak {rPois}
rCorr   .            U - +0 pair of gloves {hurl}
SInv    .            X - +0 pair of boots
Will    .....        I - amulet of regeneration Stlth
                     E - +6 ring of strength
HPRegen 1.19/turn    D - ring of protection from fire
MPRegen 0.18/turn

%: no passive effects
@: no status effects
A: horns 2, retaliatory headbutt, deformed body, high MP 1
a: Renounce Religion, Heroism, Finesse, Duel


You were on level 5 of the Lair of Beasts.
You worshipped Okawaru.
Okawaru was extremely pleased with you.
You visited 3 branches of the dungeon, and saw 15 of its levels.
You also visited: Sewer, Ossuary and Volcano.

You collected 1135 gold pieces.

Inventory:

Hand Weapons
 f - a +2 broad axe of flaming
 P - the +1 battleaxe "Impbane" (weapon) {flame, rC+ Int+3 Dex+2}
   (You found it on level 4 of the Dungeon)

   Int:       It affects your intelligence (+3).
   Dex:       It affects your dexterity (+2).
   rC:        It protects you from cold.
Missiles
 A - a throwing net (quivered)
Armour
 c - a scarf of repulsion
 g - a +2 buckler
 t - a +2 cloak of poison resistance (worn)
 w - the -2 buckler of Okawaru's Regard {rPois rF- rC+ Str+3}
   (Okawaru gifted it to you in a volcano)

   Str:       It affects your strength (+3).
   rF:        It makes you vulnerable to fire.
   rC:        It protects you from cold.
   rPois:     It protects you from poison.
 U - a +0 pair of gloves of hurling (worn)
 X - a +0 pair of boots (worn)
 Z - a +0 chain mail (worn)
Jewellery
 a - a ring of flight
 z - a +6 ring of strength
 D - a ring of protection from fire (right hand)
 E - a +6 ring of strength (left hand)
 I - an amulet of regeneration (around neck)
 K - a ring of positive energy
 L - an amulet of faith
 Y - a +4 ring of protection
Wands
 B - a wand of iceblast (13)
 H - a wand of mindburst (4)
 J - a wand of flame (25)
 N - a wand of quicksilver (3)
 V - a wand of digging (16)
Scrolls
 h - 3 scrolls of magic mapping {unknown}
 j - 15 scrolls of teleportation {!r}
 k - a scroll of acquirement {unknown}
 n - 3 scrolls of butterflies {unknown}
 o - 3 scrolls of vulnerability {unknown}
 p - 3 scrolls of brand weapon {unknown}
 r - 3 scrolls of enchant armour {unknown}
 u - 12 scrolls of identify {unknown}
 v - 2 scrolls of fog {unknown}
 y - 3 scrolls of amnesia {unknown}
 M - 2 scrolls of enchant weapon {unknown}
 O - 2 scrolls of blinking {unknown}
 Q - 4 scrolls of fear {unknown}
 R - 4 scrolls of immolation {unknown}
 S - 2 scrolls of noise {unknown}
 W - 2 scrolls of poison {unknown}
Potions
 b - a potion of cancellation {unknown}
 d - 2 potions of might {!q}
 e - 8 potions of curing {!q}
 i - 3 potions of mutation
 l - 3 potions of magic
 m - 2 potions of berserk rage {unknown}
 q - a potion of ambrosia {unknown}
 s - 3 potions of heal wounds {!q}
 x - 7 potions of degeneration
 F - 2 potions of attraction {unknown}
 G - 11 potions of flight
 T - 2 potions of resistance {unknown}
Miscellaneous
 C - a phial of floods


   Skills:
 - Level 12.0 Fighting
 + Level 17.0 Axes
 - Level 13.4 Armour
 - Level 5.1 Shields
 - Level 12.0 Invocations


You had 12 spell levels left.
You didn't know any spells.
Your spell library contained the following spells:

 Spells                   Type           Power      Damage    Failure   Level
 Freeze                   Ice            0%         1d3       83%         1
 Sandblast                Erth           0%         2d4       83%         1
 Slow                     Hex            0%         N/A       83%         1
 Blink                    Tloc           0%         N/A       92%         2
 Lesser Beckoning         Tloc           0%         N/A       92%         2
 Momentum Strike          Conj/Tloc      0%         3d8       92%         2
 Passwall                 Tmut/Erth      0%         N/A       92%         2
 Confusing Touch          Hex            0%         N/A       99%         3
 Frozen Ramparts          Ice            0%         1d1       99%         3
 Hailstorm                Conj/Ice       0%         3d3       99%         3
 Inner Flame              Hex/Fire       0%         N/A       99%         3
 Stone Arrow              Conj/Erth      0%         3d7       99%         3
 Vampiric Draining        Necr           0%         2d6       99%         3
 Passage of Golubria      Tloc           0%         N/A       100%        4
 Yara's Violent Unravell  Hex/Tmut       0%         3d3       100%        5
 Enfeeble                 Hex            0%         N/A       100%        7
 Tukima's Dance           Hex            Unusable   N/A       N/A         3

Dungeon Overview and Level Annotations

Branches:
Dungeon (9/15)             Temple (1/1) D:7            Lair (5/5) D:9
  Swamp (0/4) Lair:3        Snake (0/4) Lair:2        Slime (0/5) Lair:5
    Orc (0/2) D:9           Sewer (visited)         Ossuary (visited)
Volcano (visited)

Altars:
Ashenzari
Cheibriados
Dithmenos
Elyvilon
Fedhas
Gozag
Hepliaklqana
Kikubaaqudgha
Makhleb
Nemelex Xobeh
Okawaru
Qazlal
Ru
Sif Muna
Trog
Uskayaw
Vehumet
Wu Jian
Xom
Yredelemnul
Zin
The Shining One

Annotations:
Lair:1 1 runed translucent door, billyroblox's ghost, novice HuCA


Innate Abilities, Weirdness & Mutations

You have a pair of horns on your head.
You reflexively headbutt those who attack you in melee.
Armour fits poorly on your strangely shaped body.
You have an increased reservoir of magic. (+10% MP)


Message History

You slash the plant! You burn the plant. You slash the water moccasin!
You burn the water moccasin.
You kill the water moccasin!
Okawaru accepts your kill.
You barely miss the wolf spider.
The water moccasin bites the plant!
The wyvern barely misses you. The wolf spider hits you!
The wolf spider bites you!
The water moccasin bites the plant.
You take 15 damage, and have 58/118 hp.
You slice the wyvern!! You burn the wyvern.
You kill the wyvern!
Okawaru accepts your kill.
You hit the plant. You burn the plant. You closely miss the wolf spider.
A nearby plant withers and dies.
The wolf spider barely misses you.
The wolf spider bites you but does no damage.
You barely miss the wolf spider. Your headbutt misses the wolf spider.
The wolf spider is lightly wounded.
You barely miss the water moccasin. You miss the water moccasin.
The water moccasin bites you but does no damage.
The wolf spider barely misses you. The wolf spider closely misses you.
The water moccasin bites you but does no damage.
The water moccasin closely misses you.
You hit the wolf spider. You burn the wolf spider.
You headbutt the wolf spider!
The wolf spider is heavily wounded.
You slash the water moccasin! You burn the water moccasin.
You miss the water moccasin. The wolf spider hits you!!
The wolf spider bites you but does no damage.
The water moccasin bites you but does no damage.
The water moccasin bites you. The wolf spider hits you!
* * * LOW HITPOINT WARNING * * *
The wolf spider bites you!
* * * LOW HITPOINT WARNING * * *
You take 38 damage, and have 22/118 hp.
OUCH!!
You slice the wolf spider!! You burn the wolf spider!
The wolf spider is almost dead.
You hit the water moccasin but do no damage.
You miss the water moccasin. The water moccasin bites you.
* * * LOW HITPOINT WARNING * * *
The wolf spider hits you!!
You die...

.....................###
.....P#.#..P..#.P..###..
.#.....########P.###..$#
........###..#####....#
...............#.....#
...............P....#
...#..##.#.#...P...#
.#....#...#.##.SsS#
...............†H#
.................#
.....#.#...###PP.....
...#......#.###P......
†......................
#######.###............
### #####.......
#P.....P


You could see a wolf spider and 2 water moccasins.

Vanquished Creatures
  5 hydras
  A catoblepas (Lair:5)
  A boulder beetle (D:9)
  4 death yaks
  A skyshark (Lair:2)
  A deep elf archer (Volcano)
  Pikel (D:6)
  6 deep elf pyromancers (Volcano)
  Maurice (D:9)
  7 black mambas
  7 cane toads
  2 kobold demonologists
  Maggie (D:9)
  6 komodo dragons
  A rime drake (Lair:3)
  3 polar bears
  4 blink frogs (Lair:4)
  A shadow (D:9)
  Sigmund (D:5)
  2 humans (D:8)
  5 wyverns
  3 basilisks
  52 yaks
  3 fire elementals (Volcano)
  A redback (Lair:5)
  A steam dragon (Lair:3)
  3 nagas (Lair:2)
  5 hell hounds (Volcano)
  15 water moccasins
  2 hornet zombies (Ossuary)
  2 orc warriors (D:9)
  3 sky beasts
  A swamp drake (Lair:3)
  2 centaurs
  4 ogres
  8 wolves (Lair:1)
  A lemure (D:6)
  A phantom (D:8)
  6 bullfrogs
  3 kobold brigands
  2 wyvern zombies (Ossuary)
  A gnoll sergeant (D:9)
  4 water moccasin zombies (Ossuary)
  2 scorpions
  5 wights (D:8)
  A troll zombie (D:9)
  11 killer bees (D:8)
  2 electric eels (Lair:2)
  A howler monkey (D:8)
  4 crimson imps (D:3)
  6 bullfrog zombies (Ossuary)
  6 centaur zombies (Ossuary)
  A gnoll bouda (D:5)
  3 hounds
  2 jellies
  Crazy Yiuf (D:3)
  5 orc priests
  A sleepcap (D:5)
  4 iguanas
  Terence (D:3)
  A malarious merfolk avatar (Sewer)
  9 orc wizards
  A sickly merfolk siren (Sewer)
  11 hell rats
  2 killer bee zombies (Ossuary)
  7 ogre zombies (D:9)
  10 mummies (Ossuary)
  2 howler monkey zombies (Ossuary)
  7 adders
  8 gnolls
  A river rat (Sewer)
  2 shadow imps (D:5)
  3 white imps
  2 worms
  3 dart slugs
  28 orcs
  9 endoplasms
  6 giant cockroaches
  6 goblins
  6 hobgoblins
  10 jackals (D:4)
  7 quokkas
  11 ball pythons
  3 bats (D:2)
  9 frilled lizards
  3 goblin skeletons (D:9)
  3 goblin zombies (D:9)
  A hobgoblin skeleton (D:9)
  5 hobgoblin zombies (D:9)
  13 kobolds
  7 orc skeletons (D:9)
  6 orc zombies (D:9)
  24 rats
466 creatures vanquished.

Notes
Turn   | Place    | Note
-------+----------+-------------------------------------------
     0 | D:1      | Sintarzus the Minotaur Fighter began the quest for the Orb.
     0 | D:1      | Reached XP level 1. HP: 19/19 MP: 0/0
   140 | D:1      | Reached XP level 2. HP: 27/27 MP: 1/1
   164 | D:1      | Reached skill level 3 in Axes
   698 | D:2      | Reached XP level 3. HP: 33/33 MP: 2/2
  1156 | D:2      | Identified the +7 dagger "Axkam" {antimagic, rC+ Will+
                  | Str+3 Int+3}
  1194 | D:2      | Noticed a scorpion
  1198 | D:2      | Killed a scorpion
  1199 | D:2      | Reached skill level 4 in Axes
  1199 | D:2      | Reached XP level 4. HP: 40/41 MP: 3/3
  1588 | D:3      | Noticed Terence
  1598 | D:3      | Reached XP level 5. HP: 20/47 MP: 4/4
  1600 | D:3      | Killed Terence
  1775 | D:3      | Found a runed translucent door.
  1776 | D:3      | Noticed Crazy Yiuf
  1806 | D:3      | Found a sacrificial altar of Ru.
  1808 | D:3      | Found a blossoming altar of Fedhas.
  2112 | D:3      | Found a shimmering altar of Xom.
  2132 | D:3      | Reached skill level 5 in Axes
  2169 | D:3      | Reached XP level 6. HP: 47/55 MP: 5/5
  2174 | D:3      | Reached skill level 5 in Fighting
  2174 | D:3      | Reached skill level 5 in Shields
  2294 | D:3      | Killed Crazy Yiuf
  2295 | D:3      | Reached skill level 5 in Armour
  2465 | D:4      | Identified the +1 battleaxe "Impbane" {flame, rC+ Int+3
                  | Dex+2}
  2501 | D:4      | Reached skill level 6 in Axes
  2658 | D:4      | Reached XP level 7. HP: 61/61 MP: 6/6
  2733 | D:4      | Reached skill level 7 in Axes
  2804 | D:4      | Found a stormy altar of Qazlal.
  2984 | D:5      | Entered Level 5 of the Dungeon
  3052 | D:5      | Noticed Sigmund
  3143 | D:5      | Killed Sigmund
  3144 | D:5      | Reached skill level 8 in Axes
  3276 | D:5      | Reached skill level 9 in Axes
  3434 | D:5      | Reached XP level 8. HP: 68/68 MP: 7/7
  3609 | D:5      | Reached skill level 10 in Axes
  3631 | D:5      | Found a white marble altar of Elyvilon.
  4024 | D:6      | Found a glowing drain.
  4045 | Sewer    | Entered a sewer
  4166 | Sewer    | Reached skill level 11 in Axes
  4749 | D:6      | Noticed Pikel
  4760 | D:6      | Killed Pikel
  4761 | D:6      | Reached skill level 12 in Axes
  4761 | D:6      | Reached XP level 9. HP: 55/74 MP: 8/8
  4766 | D:6      | Reached skill level 13 in Axes
  4851 | D:6      | Found a glowing golden altar of the Shining One.
  4915 | D:7      | Found a staircase to the Ecumenical Temple.
  4995 | Temple   | Entered the Ecumenical Temple
  5581 | D:8      | Reached skill level 14 in Axes
  5682 | D:8      | Reached XP level 10. HP: 74/91 MP: 9/9
  5700 | D:8      | Reached skill level 10 in Fighting
  5821 | D:8      | Found an iron altar of Okawaru.
  5833 | D:8      | Became a worshipper of Warmaster Okawaru
  5848 | D:8      | Found a sand-covered staircase.
  5862 | Ossuary  | Entered an ossuary
  6013 | Ossuary  | Reached * piety under Okawaru
  6360 | D:8      | Reached ** piety under Okawaru
  6503 | D:9      | Noticed Maurice
  6511 | D:9      | Killed Maurice
  6512 | D:9      | Reached XP level 11. HP: 104/104 MP: 10/10
  6515 | D:9      | Found a staircase to the Orcish Mines.
  6533 | D:9      | Noticed a soul eater
  6542 | D:9      | Reached skill level 10 in Armour
  6585 | D:9      | Reached *** piety under Okawaru
  6853 | D:9      | Noticed Maggie
  6870 | D:9      | Killed Maggie
  6870 | D:9      | Reached **** piety under Okawaru
  7049 | D:9      | Noticed a skeletal warrior
  7081 | D:9      | Noticed a boulder beetle
  7097 | D:9      | Killed a boulder beetle
  7097 | D:9      | Received a gift from Okawaru
  7202 | D:9      | Found a staircase to the Lair.
  7365 | Lair:1   | Entered Level 1 of the Lair of Beasts
  7421 | Lair:1   | Reached skill level 1 in Invocations
  7924 | Lair:1   | Found a runed translucent door.
  7925 | Lair:1   | Identified the +3 trident of Etof {venom, Fly Str-4 Dex+3}
  7926 | Lair:1   | Noticed billyroblox's ghost (novice HuCA)
  8209 | Lair:1   | Noticed a spriggan rider
  8343 | Lair:2   | Reached ***** piety under Okawaru
  8418 | Lair:2   | Reached XP level 12. HP: 106/112 MP: 14/14
  8560 | Lair:2   | Reached skill level 5 in Invocations
  8687 | Lair:2   | Received a gift from Okawaru
  8726 | Lair:2   | Found a staircase to the Snake Pit.
  9317 | Lair:3   | Reached skill level 15 in Axes
  9324 | Lair:3   | Noticed a five-headed hydra
  9333 | Lair:3   | Killed a three-headed hydra
  9462 | Lair:3   | Noticed a five-headed hydra
  9470 | Lair:3   | Killed a three-headed hydra
  9617 | Lair:3   | Found a staircase to the Swamp.
 10227 | Lair:4   | Found a dark tunnel.
 10259 | Volcano  | Entered a volcano
 10360 | Volcano  | Identified the -2 buckler of Okawaru's Regard {rPois rF-
                  | rC+ Str+3} (Okawaru gifted it to you in a volcano)
 10360 | Volcano  | Received a gift from Okawaru
 10372 | Volcano  | Reached skill level 16 in Axes
 10385 | Volcano  | Reached XP level 13. HP: 100/118 MP: 19/19
 10399 | Volcano  | Reached skill level 10 in Invocations
 11239 | Lair:5   | Entered Level 5 of the Lair of Beasts
 11435 | Lair:5   | Found a staircase to the Slime Pits.
 11482 | Lair:5   | Identified the +2 lajatang "Cuodgh" {freeze, Will+}
                  | (Okawaru gifted it to you on level 5 of the Lair of Beasts)
 11482 | Lair:5   | Received a gift from Okawaru
 11489 | Arena    | Entered the Arena
 11498 | Arena    | Gained mutation: You have an increased reservoir of magic.
                  | (+10% MP) [potion of mutation]
 11498 | Arena    | Gained mutation: Armour fits poorly on your strangely
                  | shaped body. [potion of mutation]
 11512 | Lair:5   | Reached skill level 17 in Axes
 11552 | Lair:5   | Slain by a wolf spider

Illustrated notes

Levels and vault maps discovered:
D:1:      mrwooster_arrival_statue_3, layout_loops_ring
D:2:      layout_loops_corners, kennysheep_cross_room, minmay_pentomino_x2
D:3:      layout_rooms, led_xom_imps, jmf_multi_god_temple,
          corexii_hall_statues_x, chequers_serial_rivers_large_b,
          amcnicky_mini_pool_small, uniq_terence, uniq_crazy_yiuf_cottage
D:4:      layout_cave_pools, grunt_qazlal_sundering, serial_column_ruins,
          column_ruins_hut, column_ruins_square_medium, column_ruins_open_small,
          column_ruins_open_small, column_ruins_open_tiny,
          column_ruins_open_small, column_ruins_open_medium
D:5:      layout_basic, kennysheep_little_box, uniq_sigmund
D:6:      layout_loops_ring, tso_altar, serial_rivers,
          chequers_serial_rivers_small_b, chequers_serial_rivers_micro_e,
          chequers_serial_rivers_small_b, chequers_serial_rivers_room_a,
          chequers_serial_rivers_small_a, chequers_serial_rivers_small_3,
          cheibrodos_sewer_entry_drain, chequers_serial_rivers_small_b,
          uniq_pikel
D:7:      layout_basic, minmay_temple_entry_mist, chequers_decorated_corner
D:8:      layout_basic, okawaru_humans, nicolae_ossuary_entry_plus
D:9:      layout_long_grid, lair_entry_dummy, zombieorc2_lemuel,
          lightli_corner_chamber, uniq_maurice, uniq_maggie
Temple:   nicolae_temple_superstar
Lair:1:   layout_hall_layers, ebering_ghost_funeral_grove,
          grunt_forest_small_clearing_treed
Lair:2:   layout_regular_city, nicolae_snake_entry_squirm,
          chequers_serial_rivers_micro_a, nicolae_quartered_pool_super,
          grunt_megastairs_3
Lair:3:   layout_layer_cave, minmay_swamp_entry_reptiles
Lair:4:   layout_loops_ring, nicolae_volcano_entry_lava_flow,
          small_statue_intersection
Lair:5:   wormcave, layout_long_grid, hangedman_lair_tendril_chambers,
          slime_entry_1, portal_ice_cave_entry_imps,
          hellmonk_guarded_unrand_seven_league_boots

Skill      XL: |  1  2  3  4  5  6  7  8  9 10 11 12 13 |
---------------+----------------------------------------+-----
Axes           | 3 4 5 6 9 12 14 16 17 | 17.0
Armour         | 4 5 9 13 | 13.4
Shields        | 4 5 |  5.1
Fighting       | 4 5 9 12 | 12.0
Invocations    | 4 9 12 | 12.0

Action                     |  1- 3 |  4- 6 |  7- 9 | 10-12 | 13-15 || total
---------------------------+-------+-------+-------+-------+-------++-------
  Melee: War axe           |    60 |    83 |       |       |       ||   143
         Headbutt          |     9 |    13 |    38 |   117 |    27 ||   204
         Battleaxe         |       |    20 |   235 |   499 |   136 ||   890
         Broad axe         |       |       |       |    90 |       ||    90
 Invoke: Heroism           |       |       |       |     2 |     2 ||     4
         Finesse           |       |       |       |       |     1 ||     1
         Duel              |       |       |       |       |     1 ||     1
    Use: Potion            |       |     2 |       |       |     5 ||     7
   Stab: Petrified         |       |       |       |       |     2 ||     2
 Armour: Scale mail        |    29 |    42 |    40 |       |       ||   111
         Skin              |       |       |     5 |       |       ||     5
         Chain mail        |       |       |    57 |   427 |    83 ||   567
  Dodge: Dodged            |    20 |    42 |    94 |   263 |    64 ||   483
  Block: Buckler           |    10 |    23 |       |     8 |       ||    41
